Map: Reclamation LE

Players

Soviarc

  • Race: Protoss Protoss
  • Spawn Location: 6:00

kimmycham

  • Race: Protoss Protoss
  • League: Gold
  • Spawn Location: 5:00

Nyck - Winner!

  • Race: Terran Terran
  • Spawn Location: 11:00

Ekelpack - Winner!

  • Race: Zerg Zerg
  • Spawn Location: 12:00

VOD

Have the link to the VOD?

Description

Time

  • Played on: Sept. 11, 2024, 2:57 p.m.
  • Length: 12:27
Show
View Real Time Build Order
Export as new Build Order

Soviarc Protoss 

Build Orders: Oracle Opening, Carriers 

Get SALT Encoding   

  12  0:00  Probe  
  13  0:12  Probe  
  14  0:19  Pylon  
  14  0:24  Probe  
  15  0:37  Probe (Chrono Boost)  
  15  0:40  Gateway  
  16  0:46  Probe (Chrono Boost)  
  17  0:51  Probe (Chrono Boost)  
  18  0:59  Pylon  
  18  1:03  Probe (Chrono Boost)  
  19  1:08  Assimilator  
  19  1:12  Probe (Chrono Boost)  
  19  1:15  Assimilator  
  19  1:17  Probe (Chrono Boost)  
  21  1:29  Probe  
  22  1:34  Cybernetics Core  
  22  1:41  Pylon  
  22  1:45  Probe  
  23  1:57  Probe  
  24  2:09  Probe  
  24  2:11  Pylon  
  25  2:21  Probe, Stargate  
  26  2:33  Probe  
  26  2:36  Nexus  
  26  3:01  Probe  
  27  3:07  Oracle (Chrono Boost)  
  30  3:21  Assimilator  
  30  3:25  Assimilator  
  30  3:28  Probe  
  31  3:37  Oracle, Pylon  
  31  3:40  Probe  
  35  3:51  Stargate  
  35  3:54  Forge  
  35  3:56  Pylon  
  34  4:05  Probe  
  35  4:20  Probe (Chrono Boost)  
  35  4:21  Probe (Chrono Boost)  
  37  4:30  Probe x2 (Chrono Boost)  
  39  4:35  Probe x2 (Chrono Boost)  
  41  4:47  Probe x2  
  43  4:59  Probe x2  
  45  5:11  Probe x2  
  47  5:23  Probe x2  
  49  5:35  Probe (Chrono Boost)  
  51  5:36  Probe (Chrono Boost)  
  51  5:43  Fleet Beacon  
  51  5:45  Probe x2 (Chrono Boost)  
  51  5:48  Stargate  
  53  5:50  Probe x2 (Chrono Boost)  
  53  5:51  Stargate  
  53  5:55  Pylon  
  55  5:57  Pylon  
  55  6:00  Pylon  
  55  6:01  Probe x2  
  55  6:02  Phoenix x2 (Chrono Boost)  
  55  6:03  Pylon  
  61  6:09  Pylon  
  61  6:13  Probe  
  61  6:14  Probe  
  61  6:16  Cybernetics Core  
  63  6:36  Phoenix  
  63  6:37  Phoenix x2  
  58  7:19  Phoenix x3  
  63  7:50  Phoenix x3  
  55  8:52  Nexus  
  55  8:56  Pylon  
  55  8:57  Pylon  
  55  8:59  Pylon  
  55  9:01  Carrier x3 (Chrono Boost), Pylon  
  55  9:05  Assimilator  
  73  9:11  Assimilator  
  73  9:17  Nexus  
  73  9:21  Assimilator  
  73  9:25  Assimilator  
  73  9:28  Pylon  
  73  9:30  Pylon  
  73  9:32  Pylon  
  73  9:34  Pylon  
  72  9:41  Shield Battery  
  72  9:44  Shield Battery  
  71  9:46  Shield Battery  
  71  9:48  Shield Battery  
  71  9:49  Photon Cannon  
  71  9:50  Photon Cannon  
  71  9:51  Carrier x2 (Chrono Boost)  
  71  9:52  Photon Cannon  
  71  9:55  Photon Cannon  
  74  10:44  Probe (Chrono Boost)  
  75  10:52  Probe (Chrono Boost), Carrier (Chrono Boost)  
  75  10:54  Probe (Chrono Boost)  
  89  11:00  Probe (Chrono Boost)  
  89  11:02  Carrier (Chrono Boost), Probe (Chrono Boost)  
  91  11:05  Probe (Chrono Boost)  
  92  11:13  Carrier (Chrono Boost)  
  98  11:30  Shield Battery  
  98  11:32  Shield Battery  
  92  11:34  Shield Battery  
  92  11:37  Shield Battery  
  92  11:57  Assimilator  
  92  12:01  Probe  
  82  12:13  Probe  
Show
View Real Time Build Order
Export as new Build Order

kimmycham Protoss 

Build Orders: 1 Gate Expand 

Get SALT Encoding   

  12  0:00  Probe  
  13  0:15  Probe  
  14  0:27  Probe  
  15  0:28  Pylon  
  15  0:46  Gateway, Probe (Chrono Boost)  
  16  0:57  Probe (Chrono Boost)  
  17  0:59  Assimilator  
  17  1:01  Probe (Chrono Boost)  
  18  1:12  Probe (Chrono Boost)  
  19  1:19  Probe (Chrono Boost)  
  20  1:27  Probe  
  21  1:35  Cybernetics Core  
  21  1:44  Nexus  
  21  1:50  Pylon  
  21  1:54  Probe  
  22  2:07  Probe  
  23  2:11  Warp Gate  
  23  2:13  Stalker  
  25  2:20  Probe  
  26  2:23  Assimilator  
  26  2:27  Pylon  
  26  2:32  Probe  
  27  2:49  Stalker (Chrono Boost)  
  29  2:56  Probe x2  
  31  3:08  Probe (Chrono Boost)  
  31  3:09  Probe (Chrono Boost)  
  33  3:15  Twilight Council  
  33  3:18  Probe (Chrono Boost), Pylon  
  33  3:19  Probe (Chrono Boost)  
  35  3:23  Probe x2 (Chrono Boost)  
  35  3:25  Robotics Facility  
  37  3:34  Probe  
  37  3:35  Stalker  
  40  3:44  Gateway x2  
  40  3:46  Gateway  
  40  3:51  Probe  
  40  3:52  Probe  
  42  4:13  Observer  
  43  4:17  Stalker  
  45  4:27  Probe x2  
  45  4:29  Assimilator  
  45  4:30  Assimilator  
  47  4:31  Observer  
  48  4:39  Probe x2  
  50  4:48  Stalker x3, Pylon  
  50  4:52  Stalker  
  58  5:15  Nexus  
  58  5:16  Pylon  
  58  5:18  Assimilator  
  58  5:19  Templar Archives  
  58  5:25  Pylon  
  58  5:28  Pylon  
  58  5:37  Observer  
  59  5:43  Probe x2  
  61  5:55  Probe  
  61  5:56  Probe  
  63  5:57  Stalker  
  63  5:58  Stalker  
  67  6:07  Probe  
  67  6:08  Probe  
  69  6:18  Blink (Chrono Boost)  
  69  6:19  Probe  
  69  6:20  Probe  
  69  6:21  Stalker x3  
  77  6:30  Forge  
  77  6:31  Probe  
  77  6:32  Probe  
  79  6:35  Pylon  
  79  6:37  Shield Battery  
  79  6:40  Shield Battery  
  79  6:52  Stalker x2, Protoss Ground Weapons Level 1 (Chrono Boost)  
  79  6:53  Stalker  
  85  6:56  Stalker  
  85  6:58  Nexus  
  87  7:10  Photon Cannon  
  87  7:13  Photon Cannon  
  87  7:15  Photon Cannon  
  87  7:18  Photon Cannon  
  87  7:21  Photon Cannon  
  87  7:23  Photon Cannon  
  87  7:26  Stalker  
  87  7:27  Stalker x2  
  93  7:34  Photon Cannon  
  93  7:36  Photon Cannon x3  
  93  7:37  Photon Cannon  
  93  7:44  Photon Cannon  
  93  7:58  Pylon  
  93  8:04  Pylon  
  93  8:06  Pylon  
  76  8:20  Stalker x4  
  80  8:28  Probe  
  80  8:29  Shield Battery, Probe  
  82  8:40  Probe  
  82  8:41  Probe  
  82  8:43  Stalker  
  82  8:44  Stalker x3  
  90  8:50  Gateway  
  90  8:52  Pylon  
  90  8:53  Probe x2  
  92  8:56  Photon Cannon  
  92  9:05  Probe x2  
  94  9:17  Nexus, Probe x2  
  94  9:21  Stalker x2  
  94  9:22  Stalker  
  102  9:30  Stalker  
  104  10:11  Stalker x5  
  114  10:16  Observer  
  115  10:24  Probe x2  
  117  10:29  Pylon  
  117  10:31  Pylon  
  117  10:33  Observer  
  118  10:36  Probe x2  
  116  10:48  Shield Battery, Probe x2  
  118  10:51  Observer  
  118  10:53  Shield Battery  
  118  10:56  Shield Battery  
  119  10:58  Photon Cannon  
  119  11:02  Photon Cannon  
  117  11:04  Photon Cannon  
  117  11:06  Photon Cannon  
  117  11:09  Stalker x5  
  119  11:13  Photon Cannon  
  119  11:15  Photon Cannon  
  107  11:42  High Templar  
  107  11:45  Nexus  
  109  11:47  Pylon  
  109  11:50  Assimilator  
  109  11:55  High Templar  
  109  11:56  Stalker  
  109  11:58  Archon  
  109  12:17  Stalker x2  
  109  12:18  Stalker  
Show
View Real Time Build Order
Export as new Build Order

Nyck Terran - Winner!

Build Orders:  

Get SALT Encoding   

  12  0:00  SCV  
  13  0:12  SCV  
  14  0:18  Supply Depot  
  14  0:24  SCV  
  15  0:39  SCV  
  15  0:42  Barracks  
  16  0:50  Refinery  
  16  0:51  SCV  
  17  0:57  Refinery  
  17  1:03  SCV  
  18  1:16  SCV  
  19  1:35  Reaper  
  19  1:37  Supply Depot  
  20  1:41  Barracks  
  20  1:44  Orbital Command  
  20  2:01  Barracks  
  20  2:09  SCV  
  21  2:23  Engineering Bay  
  21  2:25  Engineering Bay  
  21  2:26  SCV  
  22  2:33  Barracks Tech Lab  
  22  2:35  Barracks Reactor  
  22  3:08  SCV  
  22  3:11  Barracks Reactor  
  23  3:14  Barracks  
  23  3:15  Terran Infantry Weapons Level 1, Terran Infantry Armor Level 1  
  23  3:20  Factory  
  23  3:22  Marine, Marauder  
  26  3:32  SCV  
  27  3:44  SCV  
  27  3:45  Marine x2  
  30  3:56  SCV  
  30  4:10  SCV  
  31  4:18  Supply Depot  
  31  4:24  Marine x4  
  31  4:29  Barracks Reactor  
  35  4:32  Barracks  
  35  4:39  Starport  
  35  4:42  Supply Depot  
  35  4:46  Armory  
  35  4:49  Missile Turret  
  35  4:50  SCV  
  31  5:05  Supply Depot  
  27  5:09  SCV  
  28  5:21  SCV, Starport Reactor  
  29  5:25  Marine x2  
  29  5:26  Marine  
  32  6:05  Command Center  
  33  6:16  SCV  
  33  6:28  SCV  
  34  6:40  SCV  
  35  6:53  Missile Turret  
  35  6:55  SCV  
  35  6:56  Marine x2  
  35  6:57  Marine x3  
  35  6:58  Marine  
  42  7:01  Terran Infantry Weapons Level 2  
  42  7:18  Orbital Command  
  42  7:27  SCV  
  43  7:34  Command Center  
  43  7:39  SCV  
  43  7:42  Marine x2  
  46  7:49  SCV  
  46  7:51  SCV  
  48  7:56  Terran Infantry Armor Level 2  
  48  7:58  Marine  
  48  8:01  SCV, Marine  
  48  8:03  SCV  
  52  8:10  Refinery  
  52  8:12  Refinery  
  52  8:13  SCV  
  52  8:15  SCV  
  52  8:19  Marine x3  
  57  8:25  Marauder  
  59  8:32  SCV x2  
  61  8:44  SCV x2  
  63  8:50  Orbital Command, Command Center  
  63  8:56  SCV x2  
  65  9:04  Marine x2, Refinery  
  65  9:08  SCV x2  
  69  9:17  Terran Infantry Weapons Level 3  
  69  9:19  Marine x3  
  69  9:20  SCV  
  69  9:21  SCV  
  69  9:23  Marauder  
  76  9:25  Medivac  
  76  9:28  Medivac  
  80  9:32  SCV  
  81  9:44  Marine x4  
  81  9:45  Marine x2  
  87  9:47  SCV  
  87  9:48  SCV x2  
  91  10:00  SCV, Marine  
  91  10:04  Marine x5, Refinery  
  91  10:05  Marine  
  98  10:07  SCV x2  
  98  10:08  SCV  
  98  10:12  SCV  
  102  10:19  SCV  
  102  10:20  SCV  
  105  10:22  Orbital Command  
  105  10:26  SCV, Refinery  
  105  10:31  SCV  
  105  10:32  SCV  
  107  10:38  SCV  
  108  10:46  Refinery  
  108  10:53  SCV x3  
  111  11:01  SCV  
  112  11:05  SCV x3  
  115  11:11  Marine  
  115  11:12  Marine x5  
  115  11:13  SCV, Marine  
  115  11:17  SCV x3  
  126  11:25  SCV  
  126  11:27  Supply Depot  
  126  11:29  SCV x3, Marine x2  
  132  11:48  Marine x7  
  132  11:49  Supply Depot  
  132  11:50  Barracks Reactor  
  139  12:06  Marine  
  140  12:11  Barracks Tech Lab  
  140  12:13  Supply Depot  
Show
View Real Time Build Order
Export as new Build Order

Ekelpack Zerg - Winner!

Build Orders: Hatch First 

Get SALT Encoding   

  12  0:00  Drone  
  13  0:13  Overlord  
  13  0:16  Drone  
  14  0:31  Drone  
  15  0:47  Hatchery  
  15  0:49  Drone  
  15  1:07  Spawning Pool  
  15  1:08  Drone  
  15  1:12  Drone  
  15  1:15  Extractor  
  15  1:20  Drone  
  15  1:24  Drone  
  17  1:31  Drone  
  18  1:41  Drone  
  19  1:55  Queen  
  19  1:56  Drone  
  19  2:01  Drone  
  23  2:05  Drone  
  24  2:08  Queen  
  26  2:15  Drone  
  26  2:20  Drone  
  28  2:27  Extractor  
  27  2:31  Overlord  
  27  2:40  Drone  
  28  2:44  Lair  
  28  2:49  Drone  
  28  2:50  Drone  
  30  2:53  Drone x2  
  30  2:57  Overlord  
  32  2:59  Drone  
  32  3:04  Extractor  
  32  3:05  Drone  
  33  3:07  Drone x3  
  36  3:16  Drone  
  36  3:19  Drone  
  39  3:20  Drone x3  
  39  3:24  Drone  
  42  3:30  Extractor  
  42  3:31  Drone  
  42  3:33  Overlord  
  42  3:38  Drone  
  43  3:46  Spire  
  43  3:55  Drone x2  
  43  3:56  Drone  
  43  3:57  Overlord x2  
  43  4:01  Queen  
  47  4:47  Overlord  
  47  4:57  Mutalisk x3  
  47  4:58  Mutalisk x7  
  67  5:00  Overlord x2  
  67  5:01  Overlord  
  67  5:02  Zerg Flyer Weapons Level 1  
  67  5:12  Mutalisk  
  67  5:13  Mutalisk x2  
  73  5:28  Mutalisk  
  75  5:35  Mutalisk x2  
  75  5:36  Mutalisk x2  
  83  5:53  Queen  
  85  6:12  Mutalisk x3  
  85  6:13  Mutalisk  
  85  6:17  Overlord x4  
  93  6:28  Mutalisk x3  
  99  6:36  Overlord  
  99  6:39  Hatchery  
  98  6:58  Mutalisk x4  
  98  6:59  Mutalisk  
  100  7:24  Mutalisk x3  
  100  7:25  Overlord x2  
  100  7:26  Overlord  
  106  7:39  Zergling x6  
  106  7:40  Zergling x2, Zerg Flyer Weapons Level 2  
  110  7:50  Infestation Pit  
  109  7:55  Drone x4  
  113  8:24  Mutalisk x4  
  113  8:25  Zergling x4  
  113  8:26  Zergling x8  
  120  8:41  Zergling x6  
  120  8:42  Zergling x10  
  120  8:46  Extractor  
  126  8:49  Extractor  
  126  8:53  Evolution Chamber  
  124  8:55  Mutalisk  
  124  8:56  Evolution Chamber, Mutalisk x2  
  124  9:00  Hive  
  129  9:24  Mutalisk x2  
  129  9:25  Mutalisk x3  
  129  9:26  Overlord x2  
  139  9:49  Mutalisk x3  
  139  9:51  Zergling x12  
  149  10:10  Zergling x10  
  154  10:20  Mutalisk x4  
  152  10:44  Mutalisk x5  
  152  10:45  Overlord  
  160  11:09  Mutalisk x2  
  160  11:10  Mutalisk x2  
Tags
 
Add a new tag
Caveats
  • Supply blocks, unpowered buildings, or Contaminate may cause inaccurate times.
  • Supply counts are checked every 10 seconds.